 Dungeon Crawl Stone Soup version 0.29.1-1-gd02db6906a (webtiles) character file.

Game seed: 2612352602287348676

3269 sleeves the Carver (level 10, -14/65 HPs)
             Began as a Tengu Cinder Acolyte on Sept 29, 2022.
             Was a High Priest of Ignis.
             Shot with an arrow by a centaur warrior (20 damage)
             ... on level 8 of the Dungeon.
             The game lasted 00:15:23 (12085 turns).

sleeves the Carver (Tengu Cinder Acolyte)          Turns: 12085, Time: 00:15:23

Health: -14/65     AC:  8    Str: 19    XL:     10   Next: 0%
Magic:  7/15       EV: 14    Int: 22    God:    Ignis [*****.]
Gold:   546        SH:  0    Dex:  9    Spells: 13/15 levels left

rFire   + . .      SeeInvis .   F - +2 long sword
rCold   . . .      Faith    .   (no shield)
rNeg    . . .      Spirit   .   w - +1 ring mail of Gupyk {rPois MP-9 Str+4 Int+3}
rPois   +          Reflect  .   (helmet restricted)
rElec   .          Harm     .   s - +0 cloak
rCorr   .          Rampage  .   (no gloves)
Will    .....                   (boots unavailable)
Stlth   ..........              (no amulet)
HPRegen 0.20/turn               m - ring of wizardry
MPRegen 0.14/turn               u - ring of magical power

@: flying quickly and evasively, quick
A: beak, talons 3, nimble flight
a: Renounce Religion, Fiery Armour, Foxfire Swarm


You were on level 8 of the Dungeon.
You worshipped Ignis.
Ignis was extremely pleased with you.
You visited 1 branch of the dungeon, and saw 8 of its levels.

You collected 546 gold pieces.

Inventory:

Hand Weapons
 a - a -1 falchion of flaming
 E - a +5 great sword
   (You took it off a wight on level 6 of the Dungeon)
 F - a +2 long sword (weapon)
   (You took it off a wight on level 6 of the Dungeon)
Missiles
 N - a throwing net
Armour
 s - a +0 cloak (worn)
   (You took it off Crazy Yiuf on level 3 of the Dungeon)
 w - the +1 ring mail of Gupyk (worn) {rPois MP-9 Str+4 Int+3}
   (You found it on level 4 of the Dungeon)

   Str:       It affects your strength (+4).
   Int:       It affects your intelligence (+3).
   rPois:     It protects you from poison.
   MP:        It affects your magic capacity (-9).
Magical Staves
 G - a staff of fire
   (You found it on level 6 of the Dungeon)
Jewellery
 b - a +6 ring of dexterity
   (You found it on level 3 of the Dungeon)
 m - a ring of wizardry (left hand)
   (You found it on level 2 of the Dungeon)
 r - a ring of positive energy
   (You found it on level 4 of the Dungeon)
 u - a ring of magical power (right hand)
   (You found it on level 4 of the Dungeon)
 y - a ring of positive energy
   (You took it off a gnoll on level 5 of the Dungeon)
 A - a ring of resist corrosion
   (You found it on level 5 of the Dungeon)
 I - a ring of protection from cold
   (You found it on level 7 of the Dungeon)
 K - a ring of ice
   (You found it on level 7 of the Dungeon)
Wands
 n - a wand of iceblast (16)
   (You found it on level 2 of the Dungeon)
 J - a wand of paralysis (9)
   (You found it on level 7 of the Dungeon)
 T - a wand of light (9)
   (You found it on level 8 of the Dungeon)
Scrolls
 c - 2 scrolls of fear {unknown}
 d - a scroll of torment {unknown}
 f - 2 scrolls of noise {unknown}
 i - 8 scrolls of identify {unknown}
 j - a scroll of poison {unknown}
 l - 6 scrolls of teleportation {unknown}
 p - 3 scrolls of enchant armour {unknown}
 q - 4 scrolls of amnesia {unknown}
 v - 4 scrolls of butterflies {unknown}
 z - 2 scrolls of enchant weapon {unknown}
 C - a scroll of blinking {unknown}
 L - a scroll of silence {unknown}
 M - a scroll of vulnerability {unknown}
 Q - 2 scrolls of immolation {unknown}
 R - a scroll of summoning {unknown}
Potions
 e - a potion of berserk rage {unknown}
 g - 2 potions of resistance
 h - a potion of degeneration {unknown}
 k - 2 potions of lignification {unknown}
 o - 4 potions of heal wounds {unknown}
 t - 2 potions of attraction {unknown}
 x - 2 potions of curing {unknown}
 B - 2 potions of haste {unknown}
 D - a potion of cancellation {unknown}
 H - a potion of brilliance {unknown}
 O - a potion of flight {unknown}
 P - a potion of might {unknown}
 S - 2 potions of mutation {unknown}


   Skills:
 * Level 8.4 Fighting
 * Level 9.6 Long Blades
 - Level 5.0 Armour
 - Level 5.0 Dodging
 - Level 3.0 Spellcasting
 - Level 4.1 Fire Magic


You had 13 spell levels left.
You knew the following spells:

 Your Spells              Type           Power      Damage    Failure   Level
a - Scorch                Fire           42%        2d7       2%          2

Your spell library contained the following spells:

 Spells                   Type           Power      Damage    Failure   Level
 Beastly Appendage        Tmut           6%         N/A       9%          1
 Sting                    Tmut/Pois      12%        1d3       9%          1
 Inner Flame              Hex/Fire       12%        N/A       11%         3
 Poisonous Vapours        Pois/Air       6%         N/A       12%         2
 Wereblood                Tmut           3%         N/A       12%         2
 Spider Form              Tmut/Pois      3%         N/A       24%         3
 Vampiric Draining        Necr           3%         2d6       24%         3
 Anguish                  Hex/Necr       1%         N/A       58%         4
 Cause Fear               Hex            1%         N/A       58%         4
 Eringya's Noxious Bog    Tmut/Pois      1%         N/A       100%        6
 Simulacrum               Ice/Necr       1%         N/A       100%        6
 Enfeeble                 Hex            1%         N/A       100%        7
 Discord                  Hex            1%         N/A       100%        8


Dungeon Overview and Level Annotations

Branches:
Dungeon (8/15)             Temple (0/1) D:6
   Lair: D:8-11

Altars:
Cheibriados
Dithmenos
Hepliaklqana
Kikubaaqudgha
Nemelex Xobeh
Ru
Sif Muna
Trog
Vehumet
Zin

Shops:
D:3 *


Innate Abilities, Weirdness & Mutations

You have a beak for a mouth.
You have claws for feet.
Your magical nature lets you fly swiftly and evasively.


Message History

There is a stone staircase leading up here.
An iguana comes into view.
The iguana hisses angrily.
An iguana is nearby!
An iguana is nearby!
Flames lash the iguana.
The iguana is moderately wounded.
The iguana's fire resistance burns away.
Flames lash the iguana.
The iguana is burned terribly!
The iguana is severely wounded.
Flames lash the iguana.
The iguana is burned terribly!
You kill the iguana!
Your Long Blades skill increases to level 8!
Found a stone staircase leading down.
An orc comes into view. It is wielding a +0 whip.
The orc shouts!
An orc is nearby!
An orc priest comes into view. It is wielding a +0 flail.
The orc priest shouts!
The orc priest looks braver for a moment.
You can't see any susceptible monsters within range! (Use Z to cast anyway.) Flames lash the orc.
The orc is heavily wounded.
The orc's fire resistance burns away.
An orc wizard comes into view. It is wielding a +0 dagger.
Flames lash the orc.
The orc is burned terribly!
You kill the orc!
Flames lash the orc priest.
The orc priest is heavily wounded.
The orc priest's fire resistance burns away.
Flames lash the orc priest.
The orc priest is heavily wounded.
You hit the orc priest but do no damage.
You peck the orc priest.
The orc priest is severely wounded.
The orc priest closely misses you.
You barely miss the orc priest. You claw the orc priest.
You kill the orc priest!
The orc wizard misses you.
Items here: )) [ †.
Flames lash the orc wizard.
The orc wizard is heavily wounded.
The orc wizard's fire resistance burns away.
The orc wizard hits you but does no damage.
Flames lash the orc wizard.
The orc wizard is burned terribly!
You kill the orc wizard!
L - a scroll labelled BERPHAS YMEHYVA
Things that are here:
a +0 dagger; a +0 robe
Things that are here:
a +0 dagger; a +0 robe
Items here: )) [ †.
Found a quarterstaff.
x - 2 blue potions (gained 1)
Things that are here:
a +0 quarterstaff; a +0 rapier A scorpion comes into view.
A scorpion is nearby!
Flames lash the scorpion.
The scorpion is severely wounded.
The scorpion's fire resistance burns away.
Flames lash the scorpion.
The scorpion is burned terribly!
You kill the scorpion!
Your Fighting skill increases to level 7!
You see here a scorpion corpse.
You see here a scorpion corpse.
Things that are here:
a +0 quarterstaff; a +0 rapier
Found a plate armour.
Found a stone staircase leading down.
There is a stone staircase leading down here.
Found 7 stones.
l - 5 scrolls labelled JALOVVIDGHE (gained 1)
M - a scroll labelled EMAWNIA QAXESM
i - 7 scrolls labelled UTIAL FAYP (gained 1)
You see here 7 stones.
A gnoll comes into view. It is wielding a +0 whip.
The gnoll shouts!
A gnoll comes into view. It is wielding a +0 flail.
There are monsters nearby!
There are monsters nearby!
There are monsters nearby!
A gnoll comes into view. It is wielding a +0 whip.
The gnoll shouts!
A gnoll bouda comes into view. It is wielding a +0 club.
Flames lash the gnoll.
The gnoll is severely wounded.
The gnoll's fire resistance burns away.
The gnoll bouda shouts!
Flames lash the gnoll.
The gnoll is moderately wounded.
The gnoll's fire resistance burns away.
The gnoll hits you with a +0 whip.
A gnoll comes into view. It is wielding a +0 halberd.
Flames lash the gnoll.
The gnoll is burned terribly!
You kill the gnoll!
Flames lash the gnoll.
The gnoll is burned terribly!
You kill the gnoll!
You hear a shout!
You can't see any susceptible monsters within range! (Use Z to cast anyway.)
A gnoll comes into view. It is wielding a +0 halberd.
The gnoll shouts!
Items here: )) ††.
Flames lash the gnoll bouda.
The gnoll bouda is moderately wounded.
The gnoll bouda's fire resistance burns away.
The gnoll bouda gazes fiercely through you!
You feel your attacks grow feeble.
Flames lash the gnoll bouda.
The gnoll bouda is burned terribly!
The gnoll bouda is heavily wounded.
* * * LOW MAGIC WARNING * * *
The gnoll bouda gazes fiercely through you!
You feel as though you will be weak longer.
The gnoll bouda barely misses you.
You closely miss the gnoll bouda. You peck the gnoll bouda.
The gnoll bouda is severely wounded.
The gnoll bouda barks out a call to the hunt!
The gnolls pick up the pace!
You closely miss the gnoll bouda.
The gnoll bouda is severely wounded.
The gnoll bouda hits you with a +0 club.
You hit the gnoll bouda.
The gnoll bouda is severely wounded.
The gnoll bouda hits you with a +0 club!
You hit the gnoll bouda.
You kill the gnoll bouda!
You hit the gnoll. You claw the gnoll, but do no damage.
The gnoll is moderately wounded.
Your attacks no longer feel as feeble.
The gnoll closely misses you. The gnoll hits you with a +0 whip.
Flames lash the gnoll.
The gnoll is heavily wounded.
The gnoll's fire resistance burns away.
* * * LOW MAGIC WARNING * * *
The gnoll barely misses you. The gnoll closely misses you.
You don't have enough magic to cast this spell.
You don't have enough magic to cast this spell.
You hit the gnoll. Your kick misses the gnoll.
The gnoll is moderately wounded.
The gnoll barely misses you. The gnoll closely misses you.
You completely miss the gnoll.
The gnoll is moderately wounded.
The gnoll misses you. x2
You slash the gnoll!
You kill the gnoll!
The gnoll barely misses you. The gnoll closely misses you.
The gnoll completely misses you.
Items here: )) [ †.
You barely miss the gnoll. Your kick misses the gnoll.
Your peck misses the gnoll.
The gnoll is heavily wounded.
The gnoll is no longer more vulnerable to fire.
The gnoll barely misses you. The gnoll closely misses you.
You closely miss the gnoll. You claw the gnoll. Your peck misses the gnoll.
The gnoll is almost dead.
The gnoll hits you from afar with a +0 halberd!
The gnoll closely misses you.
You hit the gnoll.
You kill the gnoll!
The gnoll barely misses you. The gnoll completely misses you.
Things that are here:
a +0 halberd; 20 gold pieces; a gnoll corpse You hit the gnoll.
The gnoll is heavily wounded.
The gnoll closely misses you.
You hit the gnoll. You claw the gnoll, but do no damage. You peck the gnoll.
You kill the gnoll!
No target in view!
No target in view!
You now have 420 gold pieces (gained 20).
Things that are here:
a +0 halberd; a gnoll corpse
N - a throwing net
Things that are here:
a +0 halberd; a gnoll corpse A jelly comes into view.
A jelly is nearby!
A jelly is nearby!
A jelly is nearby!
A jelly is nearby!
Flames lash the jelly.
The jelly is severely wounded.
The jelly's fire resistance burns away.
Flames lash the jelly.
The jelly is burned terribly!
You kill the jelly!
Found a stone staircase leading down.
Found a trident.
There is a stone staircase leading down here.
You reach down and open the door.
Found a faded altar of an unknown god.
Found 4 stones.
Found a faded altar of an unknown god.
A shadow imp comes into view.
Found 28 gold pieces and a scroll labelled PYDWYL YDYDINN.
The shadow imp shouts!
There is an open door here.
A shadow imp is nearby!
Found a hazy altar of Hepliaklqana.
A shadow imp is nearby!
A shadow imp is nearby!
You hit the shadow imp. Your kick misses the shadow imp.
You peck the shadow imp.
You kill the shadow imp!
No target in view!
v - 4 scrolls labelled PYDWYL YDYDINN (gained 1)
You now have 433 gold pieces (gained 13).
You now have 448 gold pieces (gained 15).
There is an open door here.
There is a stone staircase leading down here.
You see here a +0 trident.
You now have 460 gold pieces (gained 12).
Key pressed, stopping explore.
You see here a +0 trident.
There is a stone staircase leading down here.
Things that are here:
a +0 halberd; a gnoll skeleton
Things that are here:
a +0 halberd; a gnoll skeleton
Items here: )) [ ÷.
Items here: )) ÷÷.
You reach down and open the door.
There is an open door here.
There is an open door here.
Key pressed, stopping explore.
Found a battleaxe.
You see here a +0 battleaxe.
A hound comes into view.
The hound barks!
A hound is nearby!
A hound is nearby!
Flames lash the hound.
The hound is severely wounded.
The hound's fire resistance burns away.
The hound closely misses you.
Flames lash the hound.
The hound is burned terribly!
You kill the hound!
You see here a hound corpse.
You see here a hound corpse.
Done exploring.
Done exploring.
Done exploring.
Done exploring.
(D) Dungeon (T) Temple
Where to? (Enter - D:7, ? - help)
There is a stone staircase leading down here.
You fly downwards.
Found a scroll labelled UTIAL FAYP and a green potion.
Found a stone staircase leading up.
There is a stone staircase leading up here.
Found a sacrificial altar of Ru.
O - a green potion You pick up the Anthology of Exhumation and Toxins and begin reading...
You add the spells Poisonous Vapours, Vampiric Draining, Simulacrum and Eringya's Noxious Bog to your library.
Okay, then.
P - a lumpy silvery potion
Found 6 poisoned darts.
You now have 476 gold pieces (gained 16). 2 orc wizards come into view.
The orc wizard shouts! x2
The orc wizard points at you and mumbles some strange words.
The magic dart hits you.
An orc comes into view. It is wielding a +0 hand axe.
The orc shouts!
The orc wizard points at you and mumbles some strange words.
The puff of flame hits you! You resist.
You can't see any susceptible monsters within range! (Use Z to cast anyway.)
The orc wizard casts a spell at you. The magic dart hits you.
Flames lash the orc wizard.
The orc wizard is lightly wounded.
The orc wizard's fire resistance burns away.
The orc wizard gestures at you while chanting.
The puff of flame hits you. You resist.
Flames lash the orc.
The orc is heavily wounded.
The orc's fire resistance burns away.
Flames lash the orc.
The orc is burned terribly!
You kill the orc!
The orc wizard closely misses you.
Flames lash the orc wizard.
The orc wizard is moderately wounded.
The orc wizard's fire resistance burns away.
The orc wizard is no longer more vulnerable to fire.
The orc wizard casts a spell at you.
You are confused.
You're too confused to cast spells.
You are too confused!
You are too confused!
You are too confused!
You are too confused!
The orc wizard hits you but does no damage.
The orc wizard mumbles some strange words.
The orc wizard flickers and vanishes!
Deactivating autopickup; reactivate with Ctrl-A.
The orc wizard hits you but does no damage.
You hit the bush. You claw the bush, but do no damage.
The bush is lightly damaged.
You hear some strange, mumbled words.
A magic dart appears from out of thin air!
The magic dart hits you. The orc wizard barely misses you. Something hits you.
You barely miss something. Your kick misses something.
Something hits you but does no damage.
The orc wizard hits you but does no damage.
You hear some strange, mumbled words.
A puff of flame appears from out of thin air!
The puff of flame hits you. You resist. The orc wizard casts a spell at you.
The magic dart hits you.
You feel less confused.
You are too injured to fight recklessly!
You are too injured to fight recklessly!
You are too injured to fight recklessly!
Casting: Scorch (safe; 2% risk of failure)
Confirm with . or Enter, or press ? or * to list all spells.
Flames lash the orc wizard.
The orc wizard is severely wounded.
The orc wizard's fire resistance burns away.
Something completely misses you.
Casting: Scorch (safe; 2% risk of failure)
Confirm with . or Enter, or press ? or * to list all spells.
You miscast Scorch.
You are very lightly contaminated with residual magic.
Nothing appears to happen.
Something barely misses you. The orc wizard closely misses you.
Casting: Scorch (safe; 2% risk of failure)
Confirm with . or Enter, or press ? or * to list all spells.
Flames lash something.
* * * LOW MAGIC WARNING * * *
Something hits you but does no damage.
The orc wizard casts a spell.
The orc wizard flickers and vanishes!
Casting: Scorch (safe; 2% risk of failure)
Confirm with . or Enter, or press ? or * to list all spells.
You can't see any susceptible monsters within range! (Use Z to cast anyway.)
You slash something!
Reactivating autopickup.
You feel a bit more experienced.
You hear some strange, mumbled words.
A magic dart appears from out of thin air!
Deactivating autopickup; reactivate with Ctrl-A.
The magic dart hits you. Something barely misses you.
Things that are here:
a +0 dagger; a +0 robe; an orc corpse You miss something.
Your kick misses something. Something hits you but does no damage.
You miss something. Your kick misses something.
Something hits you but does no damage.
You barely miss something. Something hits you but does no damage.
Your magical contamination has completely faded away.
You miss something. Your kick misses something.
Something hits you but does no damage.
You hit something. Your kick misses something. Your peck misses something.
Something barely misses you.
You hit something but do no damage. Your kick misses something.
Your peck misses something.
You hear some strange, mumbled words.
Something tries to affect you, but you resist.
You miss something. Your peck misses something.
Something hits you but does no damage.
You hit something but do no damage. Something hits you.
Casting: Scorch (safe; 2% risk of failure)
Confirm with . or Enter, or press ? or * to list all spells.
You can't see any susceptible monsters within range! (Use Z to cast anyway.)
Casting: Scorch (safe; 2% risk of failure)
Confirm with . or Enter, or press ? or * to list all spells.
You can't see any susceptible monsters within range! (Use Z to cast anyway.)
Casting: Scorch (safe; 2% risk of failure)
Confirm with . or Enter, or press ? or * to list all spells.
Flames lash something.
Reactivating autopickup.
You feel a bit more experienced.
* * * LOW MAGIC WARNING * * *
Magic restored.
HP restored.
You now have 492 gold pieces (gained 16).
Found a stone staircase leading up.
i - 8 scrolls labelled UTIAL FAYP (gained 1)
Found an escape hatch in the floor.
A gnoll comes into view. It is wielding a +0 spear.
The gnoll shouts!
You hear a shout!
A gnoll comes into view. It is wielding a +0 halberd.
There is an escape hatch in the floor here.
You can't see any susceptible monsters within range! (Use Z to cast anyway.) Flames lash the gnoll.
The gnoll is severely wounded.
The gnoll's fire resistance burns away.
You hear a shout! x2
Flames lash the gnoll.
The gnoll is heavily wounded.
The gnoll's fire resistance burns away.
You hear a shout!
A gnoll comes into view. It is wielding a +0 club.
The gnoll hits you but does no damage. The gnoll closely misses you.
A gnoll comes into view. It is wielding a +0 halberd.
You miscast Scorch.
You are very lightly contaminated with residual magic.
Nothing appears to happen.
The gnoll hits you from afar with a +0 spear.
The gnoll hits you from afar with a +0 halberd!
Flames lash the gnoll.
The gnoll is burned terribly!
You kill the gnoll!
The gnoll hits you from afar with a +0 halberd.
You are too injured to fight recklessly!
Casting: Scorch (safe; 2% risk of failure)
Confirm with . or Enter, or press ? or * to list all spells.
Flames lash the gnoll.
The gnoll is burned terribly!
You kill the gnoll!
Your magical contamination has completely faded away.
There is a stone staircase leading up here.
Casting: Scorch (safe; 2% risk of failure)
Confirm with . or Enter, or press ? or * to list all spells.
You can't see any susceptible monsters within range! (Use Z to cast anyway.)
Casting: Scorch (safe; 2% risk of failure)
Confirm with . or Enter, or press ? or * to list all spells.
Flames lash the gnoll.
The gnoll is almost dead.
The gnoll's fire resistance burns away.
Casting: Scorch (safe; 2% risk of failure)
Confirm with . or Enter, or press ? or * to list all spells.
Flames lash the gnoll.
The gnoll is burned terribly!
You kill the gnoll!
* * * LOW MAGIC WARNING * * *
Casting: Scorch (safe; 2% risk of failure)
Confirm with . or Enter, or press ? or * to list all spells.
Flames lash the gnoll.
The gnoll is lightly wounded.
The gnoll's fire resistance burns away.
* * * LOW MAGIC WARNING * * *
You are too injured to fight recklessly!
You are too injured to fight recklessly!
You are too injured to fight recklessly!
You are too injured to fight recklessly!
You hit the gnoll but do no damage. You claw the gnoll! You peck the gnoll.
The gnoll is severely wounded.
The gnoll barely misses you.
You hit the gnoll.
You kill the gnoll!
A kobold comes into view. It is wielding a +0 short sword.
A kobold is nearby!
A kobold is nearby!
Found a dagger.
Flames lash the kobold.
You kill the kobold!
You hear a shout! x6
You hear a shout!
A kobold comes into view. It is wielding a +0 short sword. x2
There are monsters nearby!
There are monsters nearby! 2 kobolds come into view.
A kobold is wielding a +0 dagger of holy wrath.
The kobold shouts!
A kobold brigand comes into view.
It is wielding a +0 short sword and quivering poisoned darts.
A kobold comes into view. It is wielding a +0 club.
A kobold comes into view.
It is wielding a +0 short sword and quivering poisoned darts.
Flames lash the kobold.
You kill the kobold!
The kobold shouts!
Flames lash the kobold.
You kill the kobold!
The kobold barely misses you.
You barely miss the kobold. Your peck misses the kobold.
The kobold hits you with a +0 club.
You barely miss the kobold. You claw the kobold, but do no damage.
Your peck misses the kobold. The kobold barely misses you.
The kobold closely misses you.
You closely miss the kobold. Your kick misses the kobold.
Your peck misses the kobold. The kobold completely misses you.
The kobold barely misses you.
You slash the kobold!
You kill the kobold!
The kobold closely misses you.
You slash the kobold!
You kill the kobold!
The kobold brigand throws a poisoned dart.
The poisoned dart hits you!
You slash the kobold!
You kill the kobold!
You hit the kobold brigand but do no damage.
Your kick misses the kobold brigand. The kobold hits you but does no damage.
The kobold brigand hits you with a +0 short sword.
You slash the kobold brigand!
You peck the kobold brigand, but do no damage.
The kobold brigand is moderately wounded.
The kobold hits you but does no damage.
The kobold brigand completely misses you.
You closely miss the kobold brigand. Your kick misses the kobold brigand.
The kobold brigand is moderately wounded.
The kobold brigand completely misses you.
The kobold hits you but does no damage.
You hit the kobold brigand. Your peck misses the kobold brigand.
The kobold brigand is heavily wounded.
The kobold closely misses you. The kobold brigand barely misses you.
You hit the kobold brigand. You claw the kobold brigand.
The kobold brigand is heavily wounded.
The kobold hits you but does no damage. The kobold brigand barely misses you.
You hit the kobold brigand. Your kick misses the kobold brigand.
The kobold brigand is heavily wounded.
The kobold brigand hits you but does no damage.
The kobold hits you but does no damage.
You hit the kobold brigand but do no damage.
Your kick misses the kobold brigand. Your peck misses the kobold brigand.
The kobold brigand is heavily wounded.
The kobold hits you but does no damage. The kobold brigand barely misses you.
You hit the kobold brigand but do no damage.
Your kick misses the kobold brigand. Your peck misses the kobold brigand.
The kobold brigand is heavily wounded.
The kobold hits you but does no damage. The kobold brigand barely misses you.
Flames lash the kobold.
You kill the kobold!
The kobold brigand closely misses you.
Flames lash the kobold brigand.
The kobold brigand is almost dead.
The kobold brigand's fire resistance burns away.
The kobold brigand hits you but does no damage.
Flames lash the kobold brigand.
The kobold brigand is burned terribly!
You kill the kobold brigand!
Items here: ( )))) ††.
Things that are here:
a +0 short sword; 7 poisoned darts; a +0 club
Items here: ( )))) ††.
A centaur comes into view.
The centaur wields a +0 shortbow.
The centaur shoots an arrow.
The arrow closely misses you.
Things that are here:
a +0 dagger of holy wrath; a kobold corpse A centaur is nearby!
A centaur is nearby!
The centaur shoots an arrow.
The arrow hits you!
The centaur shoots an arrow.
The arrow hits you!
The centaur shoots an arrow.
The arrow closely misses you.
The centaur shoots an arrow.
The arrow hits you.
You are too injured to fight recklessly!
You are too injured to fight recklessly!
The centaur unwields a +0 shortbow.
The centaur completely misses you.
The centaur kicks you but does no damage.
You slash the centaur!
The centaur is severely wounded.
The centaur closely misses you. The centaur misses you.
The centaur hits you but does no damage.
The centaur closely misses you.
You are too injured to fight recklessly!
A centaur is nearby!
You are too injured to fight recklessly!
You are too injured to fight recklessly!
You are too injured to fight recklessly!
You closely miss the centaur.
The centaur is severely wounded.
The centaur hits you. The centaur kicks you.
You hit the centaur but do no damage.
The centaur is severely wounded.
The centaur hits you. The centaur misses you.
The centaur hits you but does no damage.
The centaur barely misses you.
You hit the centaur. You peck the centaur, but do no damage.
The centaur is almost dead.
The centaur misses you. x2
Casting: Scorch (safe; 2% risk of failure)
Confirm with . or Enter, or press ? or * to list all spells.
Flames lash the centaur.
You kill the centaur!
A troll comes into view.
A troll is nearby!
A troll is nearby!
A troll is nearby!
You now have 498 gold pieces (gained 6).
You start resting.
HP restored.
Q - a scroll labelled CAXKACH POHO
Things that are here:
a +0 shortbow; 5 stones; a centaur corpse A gnoll comes into view.
It is wielding a +0 club.
The gnoll moves out of view.
A gnoll is nearby!
Flames lash the gnoll.
The gnoll is severely wounded.
The gnoll's fire resistance burns away.
Flames lash the gnoll.
The gnoll is burned terribly!
You kill the gnoll!
A gnoll comes into view. It is wielding a +0 whip.
A gnoll comes into view. It is wielding a +0 halberd.
There are monsters nearby!
There are monsters nearby!
You can't see any susceptible monsters within range! (Use Z to cast anyway.)
You can't see any susceptible monsters within range! (Use Z to cast anyway.)
Things that are here:
a +0 club; a gnoll corpse Flames lash the gnoll.
The gnoll is heavily wounded.
The gnoll's fire resistance burns away.
The gnoll hits you from afar with a +0 halberd.
Flames lash the gnoll.
The gnoll is burned terribly!
You kill the gnoll!
A gnoll comes into view. It is wielding a +0 spear.
The gnoll barely misses you.
Flames lash the gnoll.
The gnoll is almost dead.
The gnoll's fire resistance burns away.
You hear a shout!
The gnoll hits you from afar with a +0 halberd.
Flames lash the gnoll.
The gnoll is burned terribly!
You kill the gnoll!
A gnoll sergeant comes into view. It is wielding a +0 trident of flaming.
The gnoll sergeant shouts!
The gnoll sergeant misses you. The gnoll closely misses you.
You see here a +0 halberd.
Flames lash the gnoll.
The gnoll is severely wounded.
The gnoll's fire resistance burns away.
* * * LOW MAGIC WARNING * * *
The gnoll sergeant misses you. The gnoll closely misses you.
The gnoll sergeant hits you from afar with a +0 trident of flaming!
Things that are here:
a +0 club; a gnoll corpse
Casting: Scorch (safe; 2% risk of failure)
Confirm with . or Enter, or press ? or * to list all spells.
Flames lash the gnoll sergeant.
The gnoll sergeant is moderately wounded.
The gnoll sergeant's fire resistance burns away.
* * * LOW MAGIC WARNING * * *
The gnoll is no longer more vulnerable to fire.
The gnoll sergeant is no longer more vulnerable to fire.
Casting: Scorch (safe; 2% risk of failure)
Confirm with . or Enter, or press ? or * to list all spells.
You don't know that spell.
Casting: Scorch (safe; 2% risk of failure)
Confirm with . or Enter, or press ? or * to list all spells.
Flames lash the gnoll sergeant.
The gnoll sergeant is heavily wounded.
The gnoll sergeant's fire resistance burns away.
* * * LOW MAGIC WARNING * * *
The gnoll sergeant is no longer more vulnerable to fire.
The gnoll sergeant barely misses you.
You closely miss the gnoll sergeant. Your kick misses the gnoll sergeant.
The gnoll sergeant is heavily wounded.
The gnoll closely misses you. The gnoll sergeant misses you.
You slash the gnoll sergeant! You peck the gnoll sergeant.
You kill the gnoll sergeant!
The gnoll closely misses you. The gnoll closely misses you.
Things that are here:
a +0 trident of flaming; a +0 ring mail; a gnoll corpse You hit the gnoll.
You claw the gnoll.
You kill the gnoll!
You see here a +0 spear.
Things that are here:
a +0 trident of flaming; a +0 ring mail; a gnoll corpse Magic restored.
Key pressed, stopping explore.
You now have 507 gold pieces (gained 9).
Found 4 poisoned darts.
You now have 512 gold pieces (gained 5).
You see here 4 poisoned darts.
Key pressed, stopping explore.
The troll shouts!
Flames lash the troll.
The troll is lightly wounded.
The troll's fire resistance burns away.
Flames lash the troll.
The troll is burned terribly!
The troll is moderately wounded.
Flames lash the troll.
The troll is burned terribly!
The troll is heavily wounded.
The troll bites you! The troll closely misses you. The troll claws you.
Flames lash the troll.
The troll is burned terribly!
The troll is almost dead.
The troll closely misses you. x2; The troll claws you!
You are too injured to fight recklessly!
Casting: Scorch (safe; 2% risk of failure)
Confirm with . or Enter, or press ? or * to list all spells.
Flames lash the troll.
The troll is burned terribly!
You kill the troll!
Your Fighting skill increases to level 8!
Your Long Blades skill increases to level 9!
o - 4 bubbling brown potions (gained 1) Key pressed, stopping explore.
Found a stone staircase leading down.
R - a scroll labelled LIULAN MUOC
Found a stone staircase leading down.
Found 5 stones.
Found a stone staircase leading down.
p - 2 scrolls labelled SEROGABUORGH (gained 1)
You now have 522 gold pieces (gained 10).
An orc wizard and an orc priest come into view.
The orc wizard is wielding a +1 dagger of venom.
There are monsters nearby!
An orc comes into view. It is wielding a +0 falchion.
The orc shouts!
The orc wizard casts a spell at you.
The puff of flame hits you but does no damage.
You resist.
You can't see any susceptible monsters within range! (Use Z to cast anyway.) Flames lash the orc priest.
The orc priest is heavily wounded.
The orc priest's fire resistance burns away.
The orc wizard mumbles some strange words.
The orc wizard flickers and vanishes!
Deactivating autopickup; reactivate with Ctrl-A.
Flames lash the orc priest.
The orc priest is burned terribly!
You kill the orc priest!
Flames lash something.
You miscast Scorch.
You are very lightly contaminated with residual magic.
Nothing appears to happen.
Flames lash the orc.
The orc is severely wounded.
The orc's fire resistance burns away.
The orc barely misses you.
You hear some strange, mumbled words.
A puff of flame appears from out of thin air!
The puff of flame hits you. You resist.
Flames lash the orc.
The orc is burned terribly!
You kill the orc!
* * * LOW MAGIC WARNING * * *
You hear some strange, mumbled words.
A magic dart appears from out of thin air!
The magic dart hits you.
You miss something. Your kick misses something. Your punch misses something.
Something hits you but does no damage.
You closely miss something. Something hits you.
You closely miss something. Your kick misses something.
Your peck misses something. Something hits you but does no damage.
You hit something but do no damage. Something hits you.
You are poisoned.
You miss something. Your kick misses something. Your peck misses something.
You feel very sick.
You hear some strange, mumbled words.
A puff of flame appears from out of thin air!
The puff of flame misses you.
Your magical contamination has completely faded away.
You hit something. Your kick misses something. Your peck misses something.
You feel sick.
You hear some strange, mumbled words.
Something tries to affect you, but you resist.
You hit something.
Reactivating autopickup.
You feel a bit more experienced.
You feel sick.
You feel sick.
Things that are here:
a +1 dagger of venom; a +0 robe; an orc corpse You feel sick.
You feel sick.
You feel sick.
You feel sick.
You feel sick.
You are no longer poisoned.
Key pressed, stopping explore.
Q - 2 scrolls labelled CAXKACH POHO (gained 1) Key pressed, stopping explore.
There is a stone staircase leading down here.
Found an escape hatch in the ceiling.
There is an escape hatch in the ceiling here.
A gargoyle and an eye of devastation come into view.
Found a fine brass ring and a runed double sword.
The eye of devastation turns its gaze towards you.
There are monsters nearby!
Press: ? - help, v - describe, . - travel
Here: a gargoyle, wielding a +0 morningstar The floor.
Unknown command.
Activating: Foxfire Swarm
Press: ? - help, Dir - look around, f - activate Flames leap up around you!
Your foxfire dissipates!
The foxfire hits the gargoyle but does no damage. x8
The foxfire hits the gargoyle.
The gargoyle is lightly damaged.
The foxfire hits the gargoyle but does no damage.
The gargoyle is lightly damaged.
The foxfire hits the gargoyle but does no damage.
The gargoyle is lightly damaged.
The foxfire hits the gargoyle.
The gargoyle is moderately damaged.
The foxfire hits the gargoyle but does no damage.
The gargoyle is moderately damaged.
The foxfire hits the gargoyle but does no damage.
The gargoyle is moderately damaged.
The foxfire hits the gargoyle but does no damage.
The gargoyle is moderately damaged.
The foxfire hits the gargoyle but does no damage.
The gargoyle is moderately damaged.
The foxfire hits the gargoyle but does no damage.
The gargoyle is moderately damaged.
The foxfire hits the gargoyle but does no damage.
The gargoyle is moderately damaged.
The foxfire hits the gargoyle but does no damage.
The gargoyle is moderately damaged.
Casting: Scorch (safe; 2% risk of failure)
Confirm with . or Enter, or press ? or * to list all spells.
You don't know that spell.
Casting: Scorch (safe; 2% risk of failure)
Confirm with . or Enter, or press ? or * to list all spells.
You don't know that spell.
Casting: Scorch (safe; 2% risk of failure)
Confirm with . or Enter, or press ? or * to list all spells.
Flames lash the gargoyle.
The gargoyle is heavily damaged.
The gargoyle's fire resistance burns away.
Casting: Scorch (safe; 2% risk of failure)
Confirm with . or Enter, or press ? or * to list all spells.
Flames lash the gargoyle but do no damage.
Casting: Scorch (safe; 2% risk of failure)
Confirm with . or Enter, or press ? or * to list all spells.
You miscast Scorch.
You are very lightly contaminated with residual magic.
Nothing appears to happen.
The gargoyle hits you with a +0 morningstar!!
The gargoyle hurls a stone arrow at you.
The stone arrow misses you.
Casting: Scorch (safe; 2% risk of failure)
Confirm with . or Enter, or press ? or * to list all spells.
Flames lash the gargoyle.
The gargoyle is burned terribly!
The gargoyle is almost destroyed.
The gargoyle hurls a stone arrow at you.
The stone arrow hits you!!
* * * LOW HITPOINT WARNING * * *
Casting: Scorch (safe; 2% risk of failure)
Confirm with . or Enter, or press ? or * to list all spells.
Flames lash the gargoyle but do no damage.
Casting: Scorch (safe; 2% risk of failure)
Confirm with . or Enter, or press ? or * to list all spells.
Flames lash the gargoyle but do no damage.
The gargoyle hurls a stone arrow at you.
The stone arrow hits you!
* * * LOW HITPOINT WARNING * * *
Casting: Scorch (safe; 2% risk of failure)
Confirm with . or Enter, or press ? or * to list all spells.
Flames lash the gargoyle but do no damage.
* * * LOW MAGIC WARNING * * *
Casting: Scorch (safe; 2% risk of failure)
Confirm with . or Enter, or press ? or * to list all spells.
You don't have enough magic to cast this spell.
Okay, then.
You begin to rise into the air.
The gargoyle hurls a stone arrow at you.
The stone arrow misses you.
Your magical contamination has completely faded away.
Unknown command.
Unknown command.
With a burst of heat and light, you rocket upward!
There is a shaft here.
You start resting.
Magic restored.
Key pressed, stopping explore.
HP restored.
Done exploring.
Done exploring.
Done exploring.
You see here a +0 trident.
There is a stone staircase leading down here.
You fly downwards.
There is a stone staircase leading up here.
S - 2 viscous dark potions You now have 534 gold pieces (gained 12).
p - 3 scrolls labelled SEROGABUORGH (gained 1)
You now have 546 gold pieces (gained 12).
Key pressed, stopping explore.
A gargoyle is nearby!
A gargoyle is nearby!
Aiming: Paralyse
Press: ? - help, Shift-Dir - straight line, f - gargoyle
Aim: a gargoyle, wielding a +0 morningstar (chance to affect: 31%)
The gargoyle easily resists.
Aiming: Paralyse
Press: ? - help, Shift-Dir - straight line, f/p - gargoyle
Aim: a gargoyle, wielding a +0 morningstar (chance to affect: 31%)
The gargoyle suddenly stops moving!
The helpless gargoyle fails to defend itself.
You slash the gargoyle!
You claw the gargoyle, but do no damage.
You peck the gargoyle, but do no damage.
The gargoyle is moderately damaged.
The helpless gargoyle fails to defend itself.
You hit the gargoyle but do no damage. You peck the gargoyle.
The gargoyle is heavily damaged.
The helpless gargoyle fails to defend itself.
You hit the gargoyle but do no damage.
You claw the gargoyle, but do no damage.
You peck the gargoyle, but do no damage.
The gargoyle is heavily damaged.
The helpless gargoyle fails to defend itself.
You hit the gargoyle but do no damage. You claw the gargoyle!
You peck the gargoyle.
The gargoyle is severely damaged.
The helpless gargoyle fails to defend itself.
You hit the gargoyle but do no damage.
You claw the gargoyle, but do no damage.
The gargoyle is severely damaged.
The helpless gargoyle fails to defend itself.
You slash the gargoyle!
You destroy the gargoyle!
You have reached level 10!
l - 6 scrolls labelled JALOVVIDGHE (gained 1)
T - a wand of light (9) Key pressed, stopping explore.
Items here: ( )))).
You see here a +0 short sword.
You see here 4 poisoned darts.
You see here 4 poisoned darts.
A purple ugly thing, a centaur warrior and a troll come into view.
Found a glowing falchion, a book of Scorching and a glimmering chain mail.
The purple ugly thing gurgles horribly!
The centaur warrior shouts!
A shadow comes into view.
There are monsters nearby!
There are monsters nearby!
There are monsters nearby!
There are monsters nearby!
The centaur warrior wields a +0 shortbow.
The centaur warrior shoots an arrow.
The arrow misses you.
The centaur warrior shoots an arrow.
The arrow hits you!
Aiming: Iceblast
Press: ? - help, Shift-Dir - straight line, f - purple ugly thing
Aim: a purple ugly thing The mass of ice explodes!
The iceblast engulfs the purple ugly thing.
The purple ugly thing is lightly wounded.
The iceblast engulfs the centaur warrior!!
The centaur warrior is heavily wounded.
A water nymph comes into view.
The water nymph changes into a merfolk!
Activating: Foxfire Swarm
Press: ? - help, Dir - look around, f - activate Flames leap up around you!
The foxfire hits the purple ugly thing.
The purple ugly thing is lightly wounded.
Your foxfire dissipates!
The foxfire hits the purple ugly thing.
The purple ugly thing is lightly wounded.
The foxfire hits the purple ugly thing but does no damage.
The purple ugly thing is lightly wounded.
The foxfire hits the purple ugly thing.
The purple ugly thing is lightly wounded.
The foxfire hits the purple ugly thing.
The purple ugly thing is moderately wounded.
The foxfire hits the purple ugly thing.
The purple ugly thing is moderately wounded.
The foxfire hits the purple ugly thing.
The purple ugly thing is moderately wounded.
The foxfire hits the purple ugly thing.
The purple ugly thing is moderately wounded.
The foxfire hits the purple ugly thing.
The purple ugly thing is moderately wounded.
The foxfire hits the purple ugly thing.
The purple ugly thing is heavily wounded.
The foxfire hits the purple ugly thing but does no damage.
The purple ugly thing is heavily wounded.
The foxfire hits the purple ugly thing but does no damage.
The purple ugly thing is heavily wounded.
The foxfire hits the purple ugly thing.
The purple ugly thing is heavily wounded.
The foxfire hits the purple ugly thing but does no damage.
The purple ugly thing is heavily wounded.
The foxfire hits the purple ugly thing.
The purple ugly thing is heavily wounded.
The foxfire hits the purple ugly thing but does no damage.
The purple ugly thing is heavily wounded.
The foxfire hits the purple ugly thing.
The purple ugly thing is heavily wounded.
The foxfire hits the purple ugly thing but does no damage.
The purple ugly thing is heavily wounded.
The foxfire hits the purple ugly thing.
The purple ugly thing is heavily wounded.
The foxfire hits the purple ugly thing but does no damage.
The purple ugly thing is heavily wounded.
The foxfire hits the purple ugly thing.
The purple ugly thing is heavily wounded.
The centaur warrior shoots an arrow.
The arrow hits you.
The foxfire hits the merfolk but does no damage.
Casting: Scorch (safe; 2% risk of failure)
Confirm with . or Enter, or press ? or * to list all spells.
You don't know that spell.
Unknown command.
Casting: Scorch (safe; 2% risk of failure)
Confirm with . or Enter, or press ? or * to list all spells.
Flames lash the purple ugly thing.
The purple ugly thing is severely wounded.
The purple ugly thing's fire resistance burns away.
Casting: Scorch (safe; 2% risk of failure)
Confirm with . or Enter, or press ? or * to list all spells.
Flames lash the purple ugly thing.
The purple ugly thing is burned terribly!
The purple ugly thing is almost dead.
The centaur warrior shoots an arrow.
The arrow hits you!
Casting: Scorch (safe; 2% risk of failure)
Confirm with . or Enter, or press ? or * to list all spells.
Flames lash the merfolk.
The merfolk is lightly wounded.
The merfolk's fire resistance burns away.
The purple ugly thing tentacle-slaps you!
* * * LOW HITPOINT WARNING * * *
The centaur warrior shoots an arrow.
The arrow hits you!!
* * * LOW HITPOINT WARNING * * *
Okay, then.
Hit: F) +2 long sword
Press: ? - help, Dir - move target, f - purple ugly thing
Aim: a purple ugly thing (almost dead, more vulnerable to fire, about 35% to evade your +2 long sword)
Okay, then.
Casting: Scorch (safe; 2% risk of failure)
Confirm with . or Enter, or press ? or * to list all spells.
Flames lash the purple ugly thing.
The purple ugly thing is burned terribly!
The purple ugly thing is almost dead.
The centaur warrior shoots an arrow.
The arrow hits you!!
You die...

###.# ###...##..........## #..#.
....###.....##.........>.####....
.....#.....##........###..##.....
.....................####........
...###..m.............####.......
...##....>##...##.......##.......
..##...#..###..####.......)).....
...#..###..##.............).###..
.....## ##....m.@..........## ##.
....######.....u......#.....#####
...#...#...#...c.....##.##.......
#..##.###.##.)......###.##.......
#...#.##.<#.........##.###..###..
......cu...............####.# ##.
...#.#.#########............###..
...#.##.......#.#.............#..
..##.##..####...#....####..##....


You could see a purple ugly thing (combustible), a merfolk shaped shifter
(combustible) and a centaur warrior.

Vanquished Creatures
  A gargoyle (D:8)
  A troll (D:8)
  A hornet (D:7)
  Menkaure (D:5)
  A water moccasin (D:5)
  An ice beast (D:7)
  A black bear (D:6)
  A centaur (D:8)
  A kobold brigand (D:8)
  A gnoll sergeant (D:8)
  3 necrophages
  A bullfrog (D:6)
  3 scorpions
  9 wights
  A howler monkey (D:4)
  6 hounds
  A gnoll bouda (D:7)
  2 orc priests
  Crazy Yiuf (D:3)
  3 jellies
  2 iguanas
  5 orc wizards
  Robin (D:3)
  4 adders
  18 gnolls
  4 shadow imps
  10 white imps
  8 ufetubi
  3 dart slugs
  6 orcs
  5 endoplasms
  A giant cockroach (D:3)
  10 goblins
  17 hobgoblins
  9 jackals
  10 kobolds
  5 quokkas
  7 ball pythons
  3 bats
  4 frilled lizards (D:1)
  2 rats
174 creatures vanquished.

Vanquished Creatures (others)
  39 foxfires (D:8)
39 creatures vanquished.

Grand Total: 213 creatures vanquished

Notes
Turn   | Place    | Note
-------+----------+-------------------------------------------
     0 | D:1      | sleeves the Tengu Cinder Acolyte began the quest for the
                  | Orb.
     0 | D:1      | Reached XP level 1. HP: 14/14 MP: 3/3
   239 | D:1      | Reached XP level 2. HP: 17/19 MP: 4/4
   242 | D:1      | Learned a level 2 spell: Scorch
  1164 | D:2      | Found a faded altar of an unknown god.
  1269 | D:2      | Reached XP level 3. HP: 23/23 MP: 2/5
  1272 | D:2      | Reached skill level 4 in Long Blades
  1272 | D:2      | Reached skill level 4 in Fire Magic
  2120 | D:2      | HP: 10/23 [hobgoblin[Robin] (2)]
  2123 | D:2      | HP: 4/23 [goblin/+0 dagger[Robin] (4)]
  2565 | D:3      | Noticed Robin
  2707 | D:3      | HP: 11/23 [goblin/+0 club[Robin] (5)]
  2709 | D:3      | Reached XP level 4. HP: 13/28 MP: 0/6
  2905 | D:3      | Killed Robin
  3019 | D:3      | Found Zin's Purification Station.
  3022 | D:3      | Reached skill level 1 in Dodging
  3023 | D:3      | Found a glowing silver altar of Zin.
  3066 | D:3      | Reached skill level 1 in Armour
  3233 | D:3      | Found a runed translucent door.
  3317 | D:3      | HP: 14/28 [poisoned by an adder]
  3550 | D:3      | Found a shimmering blue altar of Sif Muna.
  3691 | D:3      | Got Sif Muna's Compendium of Toxicity
  3696 | D:3      | Found a bloodstained altar of Trog.
  3813 | D:3      | Noticed Crazy Yiuf
  3864 | D:3      | HP: 14/28 [Crazy Yiuf/+2 quarterstaff of chaos (1)]
  3865 | D:3      | HP: 2/28 [Crazy Yiuf/+2 quarterstaff of chaos (12)]
  3867 | D:3      | Killed Crazy Yiuf
  3868 | D:3      | Gained mutation: Your magical nature lets you fly swiftly
                  | and evasively. [Tengu growth]
  3868 | D:3      | Reached XP level 5. HP: 3/32 MP: 0/8
  4370 | D:4      | Found a sparkling altar of Nemelex Xobeh.
  4548 | D:4      | Identified the +1 ring mail of Gupyk {rPois MP-9 Str+4
                  | Int+3}
  4613 | D:4      | Reached skill level 2 in Dodging
  4774 | D:4      | Reached skill level 2 in Armour
  4774 | D:4      | Reached XP level 6. HP: 35/38 MP: 4/9
  4867 | D:4      | Found a snail-covered altar of Cheibriados.
  4967 | D:4      | Found a shadowy altar of Dithmenos.
  5079 | D:4      | Found an ancient bone altar of Kikubaaqudgha.
  5112 | D:5      | Entered Level 5 of the Dungeon
  5112 | D:5      | Noticed a water moccasin
  5119 | D:5      | Killed a water moccasin
  5120 | D:5      | Reached skill level 4 in Fighting
  5120 | D:5      | Reached skill level 5 in Long Blades
  5151 | D:5      | Identified the +8 whip of Turmoil {chaos, rElec rF- Int+3}
  5194 | D:5      | Reached XP level 7. HP: 39/43 MP: 0/10
  5311 | D:5      | Reached skill level 3 in Dodging
  5316 | D:5      | Reached skill level 3 in Armour
  5316 | D:5      | Reached skill level 2 in Spellcasting
  5601 | D:5      | Noticed Menkaure
  5611 | D:5      | Killed Menkaure
  6198 | D:5      | Reached XP level 8. HP: 48/48 MP: 5/12
  6370 | D:6      | Reached skill level 4 in Dodging
  6374 | D:6      | Reached skill level 4 in Armour
  6487 | D:6      | Reached skill level 5 in Fighting
  6487 | D:6      | Reached skill level 6 in Long Blades
  6784 | D:6      | HP: 17/48 [wight/+0 scimitar (8)]
  7095 | D:6      | Reached skill level 3 in Spellcasting
  7553 | D:5      | Reached skill level 5 in Armour
  7553 | D:5      | Reached skill level 5 in Dodging
  7753 | D:6      | Reached skill level 7 in Long Blades
  7795 | D:6      | Reached skill level 6 in Fighting
  7805 | D:6      | Reached XP level 9. HP: 55/55 MP: 6/14
  7955 | D:6      | Found a staircase to the Ecumenical Temple.
  8195 | D:7      | Found a radiant altar of Vehumet.
  8475 | D:7      | Noticed a hornet
  8479 | D:7      | Killed a hornet
  8544 | D:7      | Reached skill level 8 in Long Blades
  8763 | D:7      | Reached skill level 7 in Fighting
  9243 | D:7      | Found a faded altar of an unknown god.
  9244 | D:7      | Found a faded altar of an unknown god.
  9246 | D:7      | Found a hazy altar of Hepliaklqana.
  9648 | D:8      | Found a sacrificial altar of Ru.
  9655 | D:8      | Got the Anthology of Exhumation and Toxins
 10174 | D:8      | Noticed a troll
 10581 | D:8      | Killed a troll
 10582 | D:8      | Reached skill level 8 in Fighting
 10582 | D:8      | Reached skill level 9 in Long Blades
 11138 | D:8      | Noticed a gargoyle
 11138 | D:8      | Noticed an eye of devastation
 11156 | D:8      | HP: 17/59 [gargoyle/stone arrow (22)]
 11159 | D:8      | HP: 3/59 [gargoyle/stone arrow (15)]
 11659 | D:8      | Killed a gargoyle
 11660 | D:8      | Reached XP level 10. HP: 65/65 MP: 15/15
 12056 | D:8      | Noticed a purple ugly thing
 12056 | D:8      | Noticed a centaur warrior
 12076 | D:8      | Noticed a water nymph
 12076 | D:8      | a water nymph changed into a merfolk
 12084 | D:8      | HP: 24/65 [purple ugly thing (13)]
 12084 | D:8      | HP: 6/65 [centaur warrior/arrow (18)]
 12085 | D:8      | Shot with an arrow by a centaur warrior

Illustrated notes

Levels and vault maps discovered:
D:1:      minmay_arrival_stair_chambers, layout_basic,
          kennysheep_decorative_pillar
D:2:      layout_basic, hellmonk_ecumenical_altar_lost_god
D:3:      layout_rooms, nzn_overflow_gifts_of_might_and_magic, zin_purify,
          uniq_robin, uniq_crazy_yiuf_cottage
D:4:      layout_rooms, mainiacjoe_overflow_paths,
          mainiacjoe_overflow_large_starburst, general_overflow_altar
D:5:      layout_cave_pools, serial_demonic, serial_demonic_b, serial_demonic_a,
          serial_demonic_e, serial_demonic_e, serial_demonic_a,
          serial_demonic_e, uniq_menkaure
D:6:      layout_cave_pods, minmay_temple_entry_nine_rooms
D:7:      layout_basic, nicolae_hepliaklqana_ecumenical_no_more,
          nicolae_vehumet_altar_sigil, serial_aquarium,
          aquarium_bridge_island_small [aquarium_subvault_small_open,
          aquarium_subvault_bridge, aquarium_subvault_bridge,
          aquarium_subvault_balcony, aquarium_subvault_window],
          aquarium_bridge_long_joined [aquarium_subvault_wall,
          aquarium_subvault_wall, aquarium_subvault_window,
          aquarium_subvault_bridge, aquarium_subvault_wall,
          aquarium_subvault_balcony], aquarium_window_1, aquarium_window_1,
          aquarium_view_2g, aquarium_view_2d
D:8:      minmay_the_grid_triangle_9x9_rhombus_thin
          [minmay_the_grid_triangle_9x9_odd_lines,
          minmay_the_grid_triangle_9x9_prize_center,
          minmay_the_grid_triangle_9x9_corrupted_corridor,
          minmay_the_grid_triangle_9x9_empty], layout_layer_cave,
          mainiacjoe_overflow_boulevard

Skill      XL: |  1  2  3  4  5  6  7  8  9 |
---------------+----------------------------+-----
Long Blades    | 4 5 7 9 |  9.6
Fire Magic     | 4 |  4.1
Dodging        | 1 2 3 5 |  5.0
Armour         | 1 2 3 5 |  5.0
Fighting       | 4 6 8 |  8.4
Spellcasting   | 2 3 |  3.0

Action                   |  1- 3 |  4- 6 |  7- 9 | 10-12 || total
-------------------------+-------+-------+-------+-------++-------
Melee: Falchion          |    54 |    36 |    38 |       ||   128
       Kick              |     8 |     2 |    31 |       ||    41
       Peck              |     4 |     5 |    15 |       ||    24
       Long sword        |       |       |    71 |       ||    71
 Cast: Scorch            |    30 |    51 |   166 |     4 ||   251
Invok: Foxfire Swarm     |       |       |     1 |     1 ||     2
       Rising Flame      |       |       |     1 |       ||     1
Evoke: Wand              |       |       |     2 |     1 ||     3
 Stab: Paralysed         |       |       |     6 |       ||     6
Armor: Robe              |    13 |       |       |       ||    13
       Leather armour    |       |     1 |       |       ||     1
       Ring mail         |       |     7 |    50 |       ||    57
Dodge: Dodged            |    32 |    30 |   112 |     1 ||   175
